 Dungeon Crawl Stone Soup version 0.31.0-11-ge490571c62 (webtiles) character file.

Game seed: 1797018148865708624

134 boopmooplesden the Covered (level 4, 0/38 HPs)
             Began as an Armataur Fighter on Feb 7, 2024.
             Succumbed to an orc wizard's poison
             ... on level 3 of the Dungeon.
             The game lasted 00:02:15 (1556 turns).

boopmooplesden the Covered (Armataur Fighter)       Turns: 1556, Time: 00:02:16

Health: 0/38       AC:  8    Str: 29    XL:     4   Next: 95%
Magic:  4/4        EV:  6    Int:  8    God:
Gold:   74         SH:  4    Dex: 10    Spells: 3/3 levels left

rFire   . . .        a - +0 flail
rCold   . . .        c - +0 buckler
rNeg    . . .        j - +0 chain mail
rPois   .            (no helmet)
rElec   .            (no cloak)
rCorr   .            (no gloves)
SInv    .            (no barding)
Will    .....        (no amulet) Stlth
                     h - +6 ring of strength
HPRegen 0.26/turn    (no ring)
MPRegen 0.09/turn

%: roll
@: mighty, lethally poisoned (0 -> -8)
A: large, deformed body, tough skin 3, armoured tail, roll 1
a: no special abilities


You were on level 3 of the Dungeon.
You visited 1 branch of the dungeon, and saw 3 of its levels.

You collected 74 gold pieces.

Inventory:

Hand Weapons
 a - a +0 flail (weapon)
Armour
 c - a +0 buckler (worn)
 j - a +0 chain mail (worn)
Jewellery
 h - a +6 ring of strength (left hand)
Wands
 k - a wand of flame (11)
Scrolls
 b - a scroll of immolation {unknown}
 g - a scroll of enchant weapon {unknown}
 i - a scroll of poison {unknown}
 l - a scroll of acquirement {unknown}
 m - a scroll of amnesia {unknown}
 n - 2 scrolls of identify {unknown}
 o - a scroll of fear {unknown}
Potions
 e - a potion of attraction {unknown}
 f - a potion of degeneration {unknown}


   Skills:
 + Level 3.5 Fighting
 + Level 3.1 Maces & Flails
 + Level 4.3 Armour
 + Level 0.3 Dodging
 + Level 3.8 Shields


You had 3 spell levels left.
You didn't know any spells.
Your spell library contained the following spells:

 Spells                   Type           Power      Damage    Failure   Level
 Inner Flame              Hex/Fire       0%         N/A       99%         3
 Irradiate                Conj/Alch      0%         3d11      100%        5
 Ignition                 Fire           0%         3d3       100%        8


Dungeon Overview and Level Annotations

Branches:
Dungeon (3/15)

Altars:

Shops:
D:1 (


Innate Abilities, Weirdness & Mutations

Armour fits poorly on your strangely shaped body.
You have extremely tough skin. (AC +3)
You have a long armoured tail.
You regenerate magic when rolling toward enemies. (Rampage MPRegen)


Message History

You kill the giant cockroach!
A magic dart appears from out of thin air!
The magic dart hits you.
You sock something! Something hits you.
You closely miss something.
Your tail-slap misses something.
Something hits you but does no damage. Something hits you.
You completely miss something.
The orc priest looks satisfied for a moment.
Something hits you but does no damage.
You hit something.
Reactivating autopickup.
You feel a bit more experienced.
The orc priest mumbles some strange prayers to Beogh against you.
Beogh smites you!
Your Maces & Flails skill increases to level 3!
Deactivating autopickup; reactivate with Ctrl-A.
You closely miss something. Something hits you but does no damage.
Something unexpectedly blocks you, preventing you from rolling!
You closely miss something. Something completely misses you.
Something hits you.
You are poisoned.
Something unexpectedly blocks you, preventing you from rolling!
You barely miss something.
Your tail-slap misses something.
You feel very sick.
You hear some strange, mumbled words.
A magic dart appears from out of thin air!
The magic dart hits you.
* * * LOW HITPOINT WARNING * * *
You feel very mighty all of a sudden.
You feel sick. Something hits you.
* * * LOW HITPOINT WARNING * * *
You are more poisoned.
Something unexpectedly blocks you, preventing you from rolling!
You hit something. You tail-slap something!
Reactivating autopickup.
You feel a bit more experienced.
* * * LOW HITPOINT WARNING * * *
You feel very sick.
You barely miss the orc priest.
You die...

.[#.#..........†[....
# #.####.#...#.####
... #.#...#.# ..##
#..g....# ###
#)#...#.# ##.#...#.#
### #.)).....#
#...########..#####.#
#....@oo.)..#####.####
#.#####h###...........
# ####.# #......#####
#...o# #.#####
#.##........ #
>.....### ....#oo#
####.#oh.h .# o##.


You could see an orc priest, an orc and a jackal.

Vanquished Creatures
  2 orc wizards (D:3)
  Robin (D:3)
  An adder (D:3)
  A ribbon worm (D:3)
  3 dart slugs
  An orc (D:3)
  6 ball pythons
  5 endoplasms
  3 giant cockroaches
  10 goblins
  6 hobgoblins
  4 jackals (D:1)
  A quokka (D:2)
  3 bats
  A frilled lizard (D:1)
  3 kobolds
  3 rats
54 creatures vanquished.

Notes
Turn   | Place    | Note
-------+----------+-------------------------------------------
     0 | D:1      | boopmooplesden the Armataur Fighter began the quest for the
                  | Orb.
     0 | D:1      | Reached XP level 1. HP: 18/18 MP: 1/1
   148 | D:1      | Reached XP level 2. HP: 25/25 MP: 2/2
   224 | D:1      | Found Beenew's Weapon Emporium.
   483 | D:1      | Reached skill level 4 in Armour
   707 | D:2      | Reached XP level 3. HP: 28/31 MP: 3/3
   717 | D:2      | Noticed a shining eye
   721 | D:2      | Found a faded altar of an unknown god.
   723 | D:2      | Noticed a glass eye
   723 | D:2      | Noticed a glass eye
   723 | D:2      | Noticed a great orb of eyes
  1400 | D:3      | Noticed Robin
  1419 | D:3      | Killed Robin
  1420 | D:3      | Reached XP level 4. HP: 32/38 MP: 4/4
  1556 | D:3      | Succumbed to an orc wizard's poison

Illustrated notes

Levels and vault maps discovered:
D:1:      dpeg_chamrin_arrival_tetris, layout_basic, serial_shops, shop
D:2:      layout_basic, hellmonk_ecumenical_altar_watching_god
D:3:      layout_loops_cross, cheibrodos_gnoll_hut, uniq_robin,
          uniq_crazy_yiuf_cottage, uniq_ijyb

Skill      XL: |  1  2  3  4 |
---------------+-------------+-----
Maces & Flails | 2 3 |  3.1
Fighting       | 3 |  3.5
Armour         | 4 |  4.3
Dodging        | |  0.3
Shields        | |  3.8

Action                     |  1- 3 |  4- 6 || total
---------------------------+-------+-------++-------
  Melee: Flail             |    85 |    32 ||   117
         Tailslap          |     8 |     2 ||    10
    Use: Potion            |       |     1 ||     1
 Armour: Scale mail        |    47 |       ||    47
         Chain mail        |    27 |    48 ||    75
  Dodge: Dodged            |    25 |    21 ||    46
  Block: Buckler           |    14 |     8 ||    22
